 Dungeon Crawl Stone Soup version 0.21-a0-536-gdbbf329 (webtiles) character file.

4942 Amnesiac the Geomancer (level 10, -10/60 HPs)
             Began as a Deep Elf Earth Elementalist on Dec 14, 2017.
             Was a Priest of Sif Muna.
             Hit by a javelin of returning thrown by a centaur (14 damage)
             ... in a bailey.
             The game lasted 00:20:14 (7960 turns).

Amnesiac the Geomancer (DEEE)                       Turns: 7960, Time: 00:20:15

Health: -10/60     AC:  6    Str:  5    XL:     10   Next: 28%
Magic:  13/25      EV: 15    Int: 24    God:    Sif Muna [***...]
Gold:   519        SH:  5    Dex: 15    Spells: 13/28 levels left

rFire    . . .     SeeInvis .   E - +2 dagger (freeze)
rCold    + . .     Gourm    .   K - +0 buckler
rNeg     . . .     Faith    .   c - +0 robe
rPois    +         Spirit   .   (no helmet)
rElec    .         Reflect  .   (no cloak)
rCorr    .         Harm     .   s - +0 pair of gloves
MR       +....                  (no boots)
Stlth    +++.......             (no amulet)
HPRegen  0.20/turn              F - ring of poison resistance
MPRegen  0.19/turn              r - ring of protection from cold

@: divine energy
A: iridescent scales 1, rugged brown scales 1
a: Stop Divine Energy, Channel Magic, Renounce Religion


You were in a bailey.
You worshipped Sif Muna.
Sif Muna was most pleased with you.
You were not hungry.

You visited 2 branches of the dungeon, and saw 10 of its levels.
You also visited: Bailey.

You collected 519 gold pieces.

Inventory:

Hand Weapons
 E - a +2 dagger of freezing (weapon)
Missiles
 g - 58 sling bullets
Armour
 c - a +0 robe (worn)
 s - a +0 pair of gloves (worn)
 K - a +0 buckler (worn)
Jewellery
 r - a ring of protection from cold (right hand)
 t - an uncursed ring of flight
 F - a ring of poison resistance (left hand)
Wands
 B - a wand of iceblast (16)
 G - a wand of flame (20)
 I - a wand of digging (18)
Scrolls
 a - 5 scrolls of identify {!r, unknown}
 f - 6 scrolls of remove curse {!r}
 i - 3 scrolls of enchant weapon {!r, unknown}
 k - 2 scrolls of enchant armour {!r, unknown}
 n - 3 scrolls of blinking {!r, unknown}
 o - 4 scrolls of fog {!r, unknown}
 u - a scroll of immolation {!r, unknown}
 v - 3 scrolls of teleportation {!r, unknown}
 y - 3 scrolls of magic mapping {!r, unknown}
 H - 2 scrolls of brand weapon {!r, unknown}
 J - 2 scrolls of fear {!r, unknown}
Potions
 h - 2 potions of haste {!q, unknown}
 j - 4 potions of curing {!q, unknown}
 m - a potion of might {!q, unknown}
 p - 3 potions of lignification {!q, unknown}
 x - 4 potions of invisibility {!q, unknown}
 z - a potion of ambrosia {!q, unknown}
 A - a potion of resistance {!q, unknown}
 C - a potion of heal wounds {!q, unknown}
 D - 2 potions of degeneration {!q, unknown}
 M - a potion of agility {!q, unknown}
 N - a potion of magic {!q, unknown}
Books
 e - a book of Geomancy

   Spells                             Type                      Level
   a - Sandblast                      Earth                        1
   b - Passwall                       Transmutation/Earth          2
   c - Stone Arrow                    Conjuration/Earth            3
   d - Petrify                        Transmutation/Earth          4
   e - Lee's Rapid Deconstruction     Earth                        5
Comestibles
 b - 6 chunks of flesh
 d - 5 bread rations
 l - 3 meat rations
 w - 16 fruits
 O - 9 royal jellies


   Skills:
 - Level 5.1 Fighting
 - Level 2.1 Short Blades
 - Level 5.0 Dodging
 - Level 4.0 Stealth
 - Level 4.0 Shields
 + Level 9.8 Spellcasting
 - Level 1.1 Transmutations
 * Level 10.7 Earth Magic


You had 13 spell levels left.
You knew the following spells:

 Your Spells              Type           Power        Failure   Level  Hunger
a - Stone Arrow           Conj/Erth      #####.       1%          3    None
b - Passwall              Tmut/Erth      #####.....   1%          2    None
c - Sandblast             Erth           ######       1%          1    None
d - Lee's Rapid Deconstr  Erth           ######....   1%          5    ####...
e - Petrify               Tmut/Erth      #####...     4%          4    #......


Dungeon Overview and Level Annotations

Branches:
Dungeon (9/15)             Temple (1/1) D:6
   Lair: D:8-11         Orc: D:9-12

Altars:
Ashenzari
Cheibriados
Dithmenos
Elyvilon
Fedhas
Gozag
Hepliaklqana
Kikubaaqudgha
Makhleb
Nemelex Xobeh
Okawaru
Qazlal
Ru
Sif Muna
Trog
Uskayaw
Vehumet
Wu Jian
Xom
Yredelemnul
Zin
The Shining One

Shops:
D:4 (

Annotations:
D:5 Amnesiac's ghost, novice DEEE


Innate Abilities, Weirdness & Mutations

You are partially covered in iridescent scales. (AC +2)
You are partially covered in rugged brown scales. (AC +1, +3% HP)


Message History

The javelin of returning hits you!
Found 2 scrolls labeled AHORRO VAUDWANU.
Things that are here:
a javelin of returning; a halberd; a chain mail
Casting: Stone Arrow
Confirm with . or Enter, or press ? or * to list all spells.
Aiming: Stone Arrow
Press: ? - help, Shift-Dir - straight line, f - centaur
Aim: a centaur, wielding a halberd and wearing a chain mail The stone arrow hits the centaur.
The centaur is moderately wounded.
The centaur shouts!
The centaur hits you from afar with a halberd.
The centaur throws a javelin of returning.
The javelin of returning hits you.
* * * LOW HITPOINT WARNING * * *
The weapon returns to the centaur!
Casting: Stone Arrow
Confirm with . or Enter, or press ? or * to list all spells.
Aiming: Stone Arrow
Press: ? - help, Shift-Dir - straight line, f/p - centaur
Aim: a centaur, wielding a halberd and wearing a chain mail (moderately wounded)
The stone arrow hits the centaur.
The centaur is severely wounded.
The centaur misses you.
The centaur throws a javelin of returning.
You block the javelin of returning.
The weapon returns to the centaur!
The centaur throws a javelin of returning.
The javelin of returning completely misses you.
The weapon returns to the centaur!
The centaur throws a javelin of returning.
The javelin of returning hits you!
* * * LOW HITPOINT WARNING * * *
The centaur misses you.
The centaur throws a javelin of returning.
The javelin of returning closely misses you.
The weapon returns to the centaur!
Casting: Stone Arrow
Confirm with . or Enter, or press ? or * to list all spells.
Aiming: Stone Arrow
Press: ? - help, Shift-Dir - straight line, f/p - centaur
Aim: a centaur, wielding a halberd and wearing a chain mail (severely wounded)
The stone arrow hits the centaur.
The centaur is severely wounded.
The centaur throws a javelin of returning.
The javelin of returning hits you.
* * * LOW HITPOINT WARNING * * *
The weapon returns to the centaur!
The centaur closely misses you.
Casting: Stone Arrow
Confirm with . or Enter, or press ? or * to list all spells.
Aiming: Stone Arrow
Press: ? - help, Shift-Dir - straight line, f/p - centaur
Aim: a centaur, wielding a halberd and wearing a chain mail (severely wounded)
The stone arrow hits the centaur.
You kill the centaur!
Sif Muna accepts your kill.
The centaur throws a javelin of returning.
The javelin of returning hits you!
* * * LOW HITPOINT WARNING * * *
The centaur throws a javelin of returning.
You block the javelin of returning.
The weapon returns to the centaur!
The centaur throws a javelin of returning.
The javelin of returning hits you!
You die...

##..........
≈≈≈..≈≈≈≈≈≈≈#.......⌠###
..≈≈≈c.≈≈≈≈≈#....#####..
....≈≈≈.≈≈≈≈#...##....≈≈
......≈.≈≈≈≈#...#.⌠)≈≈≈.
....⌠.≈≈.≈≈≈#...#..≈≈..≈
.......≈.≈≈≈#..⌠#.≈≈.≈≈≈
≈≈≈..))≈≈)≈≈#..##.≈.≈≈..
≈≈≈≈≈..@#####..#.≈≈.≈.≈≈
≈≈≈≈≈≈......'..#.≈.≈≈.≈.
?≈≈≈≈≈......'..#.≈....≈.
≈≈≈≈≈≈.)....'..#.≈.≈≈.≈.
≈≈≈≈≈.).#####.)#.≈≈.≈.≈≈
≈≈≈....≈≈ #..##.≈.≈≈..
.......≈c #).⌠#.≈≈.≈≈≈
....⌠.≈≈. #...#..≈≈..≈
.....≈. #...#.⌠.≈≈≈.


You could see 2 centaurs.

Vanquished Creatures
  2 hornets (D:8)
  2 hungry ghosts
  A soldier ant (D:8)
  Duvessa (D:7)
  A water moccasin (D:6)
  7 orc warriors
  5 sky beasts
  An ice beast (D:5)
  4 ogres
  A phantom (D:8)
  6 centaurs
  2 big kobolds
  Blork the orc (D:6)
  6 bullfrogs
  Dowan (D:7)
  5 killer bees (D:8)
  2 crimson imps (D:6)
  2 centaur zombies (D:6)
  4 hounds
  A bullfrog zombie (D:6)
  A gnoll shaman (D:6)
  A bullfrog skeleton (D:4)
  A centaur skeleton (D:8)
  2 orc priests
  4 orc wizards
  4 worker ants
  2 killer bee zombies
  A hound zombie (D:7)
  A worker ant zombie (D:6)
  A howler monkey skeleton (D:6)
  13 adders
  A shadow imp (D:5)
  An ooze (D:1)
  4 worms
  A dart slug (D:2)
  5 leopard geckos
  27 orcs
  6 bats
  4 giant cockroaches
  8 hobgoblins
  16 jackals
  16 kobolds
  2 quokkas
  5 frilled lizards
  7 goblins
  A jackal skeleton (D:7)
  A leopard gecko zombie (D:5)
  A quokka skeleton (D:4)
  4 rats
196 creatures vanquished.

Notes
Turn   | Place    | Note
-------+----------+-------------------------------------------
     0 | D:1      | Amnesiac the Deep Elf Earth Elementalist began the quest for the Orb.
     0 | D:1      | Reached XP level 1. HP: 10/10 MP: 6/6
    68 | D:1      | Reached XP level 2. HP: 16/16 MP: 5/8
    72 | D:1      | Learned a level 2 spell: Passwall
   502 | D:2      | Reached skill level 1 in Fighting
   502 | D:2      | Reached XP level 3. HP: 20/20 MP: 6/9
   507 | D:2      | Learned a level 3 spell: Stone Arrow
   767 | D:2      | Found a shattered altar of Ashenzari.
  1375 | D:2      | Reached XP level 4. HP: 19/25 MP: 7/11
  1397 | D:2      | Learned a level 4 spell: Petrify
  1695 | D:3      | Found a faded altar of an unknown god.
  2103 | D:4      | Found Vuarchido's Antique Weapon Shop.
  2308 | D:4      | Reached XP level 5. HP: 30/30 MP: 6/12
  2696 | D:5      | Entered Level 5 of the Dungeon
  2696 | D:5      | Noticed a sky beast
  2699 | D:5      | Reached skill level 1 in Short Blades
  2795 | D:5      | Killed a sky beast
  2795 | D:5      | Reached skill level 4 in Earth Magic
  2795 | D:5      | Reached XP level 6. HP: 14/36 MP: 0/14
  3011 | D:5      | Noticed a sky beast
  3032 | D:5      | Killed a sky beast
  3036 | D:5      | Gained mutation: You are dopey. (Int -2) [mutagenic meat]
  3037 | D:5      | Gained mutation: You are partially covered in rugged brown scales. (AC +1, +3% HP) [mutagenic meat]
  3038 | D:5      | Gained mutation: You possess an exceptional clarity of mind. [mutagenic meat]
  3040 | D:5      | Lost mutation: You possess an exceptional clarity of mind. [mutagenic meat]
  3082 | D:5      | Noticed Amnesiac's ghost (novice DEEE)
  3554 | D:5      | Noticed an ice beast
  3561 | D:5      | Killed an ice beast
  3561 | D:5      | Reached XP level 7. HP: 42/42 MP: 0/16
  3928 | D:5      | Reached skill level 5 in Spellcasting
  4553 | D:6      | You fall through a shaft!
  4584 | D:7      | Reached skill level 5 in Earth Magic
  4664 | D:6      | Found a glowing golden altar of the Shining One.
  4664 | D:6      | Found a bloodstained altar of Trog.
  4669 | D:6      | Found a faded altar of an unknown god.
  4671 | D:6      | Found a white marble altar of Elyvilon.
  4672 | D:6      | Found a stormy altar of Qazlal.
  4834 | D:6      | Reached skill level 5 in Dodging
  4929 | D:6      | Found a staircase to the Ecumenical Temple.
  4935 | Temple   | Entered the Ecumenical Temple
  5167 | Temple   | Became a worshipper of Sif Muna the Loreminder
  5223 | D:6      | Reached XP level 8. HP: 28/49 MP: 7/19
  5277 | D:6      | Reached skill level 6 in Earth Magic
  5442 | D:6      | Noticed Blork the orc
  5458 | D:6      | Reached * piety under Sif Muna
  5458 | D:6      | Reached skill level 7 in Earth Magic
  5465 | D:6      | Learned a level 5 spell: Lee's Rapid Deconstruction
  5467 | D:6      | Killed Blork the orc
  6043 | D:7      | Reached skill level 8 in Earth Magic
  6043 | D:7      | Reached ** piety under Sif Muna
  6062 | D:7      | Reached XP level 9. HP: 35/53 MP: 1/23
  6171 | D:7      | Reached skill level 9 in Earth Magic
  6223 | D:7      | Noticed Dowan
  6225 | D:7      | Noticed Duvessa
  6237 | D:7      | Killed Duvessa
  6238 | D:7      | Killed Dowan
  6273 | D:7      | Reached skill level 1 in Shields
  6608 | D:8      | Reached *** piety under Sif Muna
  6627 | D:8      | Gained mutation: You are partially covered in iridescent scales. (AC +2) [mutagenic meat]
  6628 | D:8      | Lost mutation: You are dopey. (Int -2) [mutagenic meat]
  6642 | D:8      | Reached skill level 10 in Earth Magic
  6663 | D:8      | Reached XP level 10. HP: 31/59 MP: 2/25
  7154 | D:9      | Found a flagged portal.
  7163 | Bailey   | Entered a bailey
  7190 | Bailey   | Reached skill level 5 in Fighting
  7960 | Bailey   | Hit by a javelin of returning thrown by a centaur

Vault maps used:
D:1:      saegor_arrival_miasma, minmay_misc_feat_ornament,
          nrook_mini_backslash, serial_bayou_ford_a, minmay_misc_feat_hallway,
          minivault_11
D:2:      nicolae_ashenzari_panopticon
D:3:      first_bread, chequers_ecumenical_altar_simple_redux
D:4:      serial_shops, nicolae_shop_waterfront, minmay_crystal_water
D:6:      hangedman_cross_stitches, chequers_temple_overflow_minitemple,
          minmay_temple_entry_statues_pillars, uniq_blork_the_orc
D:7:      uniq_duvessa
D:8:      grunt_ministairs_3, hangedman_pestilent_swarm, moated_statue,
          hangedman_decor_growths
D:9:      basic_altar, enter_bailey_3, uniq_erica, uniq_joseph
Temple:   eino_narrow_crystal_temple
Bailey:   bailey_polearm_flooded_kennysheep, bailey

Skill      XL: |  1  2  3  4  5  6  7  8  9 10 |
---------------+-------------------------------+-----
Stealth        | 3 4 |  4.0
Fighting       | 1 2 3 4 5 |  5.1
Dodging        | 3 4 5 |  5.0
Spellcasting   | 4 6 8 9 |  9.8
Short Blades   | 1 2 |  2.1
Earth Magic    | 4 5 8 10 | 10.7
Shields        | 4 |  4.0
Transmutations | |  1.1

Action                   |  1- 3 |  4- 6 |  7- 9 | 10-12 || total
-------------------------+-------+-------+-------+-------++-------
Melee: Unarmed           |     1 |       |       |       ||     1
       Short sword       |    18 |       |       |       ||    18
       Dagger            |       |    54 |   131 |     8 ||   193
 Cast: Sandblast         |    38 |    23 |    89 |    17 ||   167
       Stone Arrow       |     2 |    31 |    16 |    43 ||    92
       Passwall          |     2 |     4 |     1 |       ||     7
       Petrify           |       |       |    16 |     2 ||    18
       Lee's Rapid Decon |       |       |    13 |     3 ||    16
Invok: Divine Energy     |       |       |     1 |       ||     1
  Use: Scroll            |       |       |     1 |     1 ||     2
 Stab: Sleeping          |       |     8 |     2 |       ||    10
       Petrified         |       |       |    33 |       ||    33
       Petrifying        |       |       |     1 |       ||     1
  Eat: Chunk             |     2 |    13 |    19 |     4 ||    38
Armor: Robe              |     5 |    10 |    26 |     9 ||    50
Dodge: Dodged            |    13 |    48 |   132 |    32 ||   225
Block: Buckler           |       |       |     2 |    13 ||    15

Table legend:
 A = Spawn XP
 B = Non-spawn XP
 C = Spawn XP percentage of total XP
 D = Spawn monster count
 E = Non-spawn monster count
 F = Spawn count percentage of total count
 G = Total turns spent on level
                    A         B        C        D         E        F      G
               +---------+---------+-------+---------+---------+-------+---------
         Total |       0 |    7060 |   0.0 |       0 |     196 |   0.0 |  7960
               +---------+---------+-------+---------+---------+-------+---------
           D:1 |       0 |      35 |   0.0 |       0 |      17 |   0.0 |   479
           D:2 |       0 |      74 |   0.0 |       0 |      18 |   0.0 |  1114
           D:3 |       0 |      24 |   0.0 |       0 |      13 |   0.0 |   412
           D:4 |       0 |     131 |   0.0 |       0 |       9 |   0.0 |  1055
           D:5 |       0 |     618 |   0.0 |       0 |      17 |   0.0 |   959
           D:6 |       0 |    1364 |   0.0 |       0 |      35 |   0.0 |  1612
           D:7 |       0 |    1396 |   0.0 |       0 |      27 |   0.0 |   502
           D:8 |       0 |    2193 |   0.0 |       0 |      28 |   0.0 |   724
           D:9 |       0 |     149 |   0.0 |       0 |       6 |   0.0 |    58
        Bailey |       0 |    1076 |   0.0 |       0 |      26 |   0.0 |   797
               +---------+---------+-------+---------+---------+-------+---------
